 Dungeon Sprint DCSS version 0.19.1 (webtiles) character file.

17945 equalderp2856 the Eviscerator (level 12, -1/58 HPs)
             Began as a Felid Fighter on Dec 18, 2016.
             Was the Champion of Lugonu.
             Succumbed to a merfolk impaler's poison
             ... in the Dungeon (Sprint IX: "|||||||||||||||||||||||||||||").
             The game lasted 00:18:20 (6456 turns).

equalderp2856 the Eviscerator (Felid Fighter)       Turns: 6456, Time: 00:18:21

Health: -1/58      AC:  3    Str: 20    XL:     12   Next: 23%
Magic:  10/24      EV: 34    Int: 10    God:    Lugonu [******]
Gold:   662        SH:  0    Dex: 18    Spells: 6 memorised, 2 levels left
                                        Lives:  0   Deaths: 2

rFire  . . .     SeeInvis +       - Unarmed
rCold  + . .     Gourm    .     (armour unavailable)
rNeg   . . .     Faith    .     (shield unavailable)
rPois  .         Spirit   +     (helmet unavailable)
rElec  .         Reflect  .     (cloak unavailable)
rCorr  .         Harm     .     (gloves unavailable)
MR     +....     NoTele   +     (boots unavailable)
Stlth  ++++++....               s - amulet of guardian spirit
                                n - +3 ring of strength
                                m - +3 ring of strength

@: lethally poisoned (-1 -> -13), quick
A: no armour, no weapons or thrown items, stealth, claws 1, fangs 3, see
invisible, carnivore 3, speed 1, shaggy fur 3, slow metabolism 1, sharp paws
a: Bend Space, Banish, Corrupt, Renounce Religion


You were in the Dungeon.
You worshipped Lugonu.
Lugonu was exalted by your worship.
You were not hungry.

You visited 1 branch You collected 1907 gold pieces.
You spent 1245 gold pieces at shops.

Inventory:

Jewellery
 m - a +3 ring of strength (left paw)
 n - a +3 ring of strength (right paw)
 s - an amulet of guardian spirit (around neck)
 t - an uncursed ring of protection from cold
 u - an uncursed ring of protection from magic
 v - an uncursed ring of fire
 w - an uncursed ring of protection from cold
Wands
 l - a wand of iceblast (0/15)
Scrolls
 h - 3 scrolls of blinking
 j - 5 scrolls of remove curse
 k - 2 scrolls of amnesia
 q - 2 scrolls of identify
 y - a scroll of fog
 A - a scroll of recharging
Potions
 b - a potion of agility
 c - a potion of invisibility
 d - a potion of cure mutation
 e - a potion of haste
 f - 4 potions of magic
 g - 2 potions of berserk rage
 o - 3 potions of brilliance
Books
 i - a book of Maledictions

   Spells                             Type                      Level
   a - Corona                         Hexes                        1
   b - Ensorcelled Hibernation        Hexes/Ice                    2
   c - Confuse                        Hexes                        3
   d - Tukima's Dance                 Hexes                        3
   e - Dazzling Spray                 Conjuration/Hexes            3
 p - a book of Minor Magic

   Spells                             Type                      Level
   a - Magic Dart                     Conjuration                  1
   b - Blink                          Translocation                2
   c - Call Imp                       Summoning                    2
   d - Repel Missiles                 Charms/Air                   2
   e - Slow                           Hexes                        2
   f - Conjure Flame                  Conjuration/Fire             3
   g - Mephitic Cloud                 Conjuration/Poison/Air       3
 r - a book of Cantrips

   Spells                             Type                      Level
   a - Confusing Touch                Hexes                        1
   b - Animate Skeleton               Necromancy                   1
   c - Summon Small Mammal            Summoning                    1
   d - Apportation                    Translocation                1
Comestibles
 a - 12 meat rations


   Skills:
 + Level 9.9 Fighting
 + Level 18.9 Dodging
 + Level 13.6 Stealth
 + Level 24.3 Unarmed Combat
 + Level 2.5 Charms
 * Level 15.6 Invocations
 + Level 3.8 Evocations


You had 2 spell levels left.
You knew the following spells:

 Your Spells              Type           Power        Failure   Level  Hunger
a - Animate Skeleton      Necr           N/A          38%         1    ##.....
b - Blink                 Tloc           N/A          61%         2    ###....
c - Confusing Touch       Hex            #.....       38%         1    ##.....
d - Repel Missiles        Chrm/Air       #.....       38%         2    ###....
e - Ensorcelled Hibernat  Hex/Ice        #.....       61%         2    ###....
f - Corona                Hex            #......      38%         1    ##.....


Dungeon Overview and Level Annotations

Branches:
Dungeon (1/1)

Altars:
Cheibriados
Dithmenos
Elyvilon
Fedhas
Gozag
Hepliaklqana
Kikubaaqudgha
Makhleb
Nemelex Xobeh
Okawaru
Qazlal
Ru
Sif Muna
Trog
Uskayaw
Vehumet
Xom
Yredelemnul
Zin
The Shining One
Beogh
Jiyva
Lugonu

Shops:
D =*:(

Annotations:
D Ilsuiw


Innate Abilities, Weirdness & Mutations

You cannot wear armour.
You are incapable of wielding weapons or throwing items.
Your paws allow you to move quietly. (Stealth)
You have sharp claws.
You have razor-sharp teeth.
You have supernaturally acute eyesight. (SInv)
You are carnivorous and can eat meat at any time.
You cover ground quickly.
Your thick and shaggy fur keeps you warm. (AC +3, rC+)
You have a slow metabolism.
Your sharp claws are effective at attacking unaware monsters.


Message History

You feel sick.
* * * LOW HITPOINT WARNING * * *
You feel sick.
* * * LOW HITPOINT WARNING * * *
You feel sick.
* * * LOW HITPOINT WARNING * * *
You feel sick.
* * * LOW HITPOINT WARNING * * *
You feel sick.
* * * LOW HITPOINT WARNING * * *
You feel sick.
* * * LOW HITPOINT WARNING * * *
You feel sick.
* * * LOW HITPOINT WARNING * * *
You feel sick.
* * * LOW HITPOINT WARNING * * *
You feel sick.
* * * LOW HITPOINT WARNING * * *
You feel sick.
You die...

,,,,,,,,,,,,,,,,,,,,,,,,,,,,,,,,,
*********************************
,,,,,,,,,,,,,,+,,,,,,,,,,,,,,,,,,
*********************************
,,,,,,,,,,,,,,,,,,,,,,,,,,,,,,,,,
*********************************
,+,,,,,,,,,,,,,+,,,,,,,,,,,,,+,,,
♣♣▓▓▓▓▓▓▓▓▓▓▓▓▓▓▓▓▓▓▓▓▓▓▓▓▓▓▓▓▓▓▓
................@....)...........
▓▓▓▓▓▓▓▓▓▓▓▓▓▓▓▓▓▓▓▓▓▓▓▓▓▓▓▓▓▓▓▓▓
,,,,,,,,,,,,,,,,,,,,,,,,,,,,,,,,,
▓▓▓▓▓▓▓▓▓▓▓▓▓▓▓▓▓▓▓▓▓▓▓▓▓▓▓▓▓▓▓▓▓
)......(.........................
▓▓▓▓▓▓▓▓▓▓▓▓▓▓▓▓▓▓▓▓▓▓▓▓▓▓▓▓▓▓▓▓▓
pp.,,,,,,,,,,,+,,,,,,,,,,,,,,,,,,
▓▓▓******************************
,,,,,,,,,,,,,,,,,,,,,,,,,,,,,,,,,


There were no monsters in sight!

Vanquished Creatures
  A Killer Klown (D)
  A lich (D)
  Agnes (D)
  A fire giant (D)
  A vault warden (D)
  A very ugly thing (D)
  An ironheart preserver (D)
  A stone giant (D)
  A merfolk impaler (D)
  A great orb of eyes (D)
  Harold (D)
  3 rakshasas (D)
  3 hydras (D)
  A naga warrior (D)
  A merfolk aquamancer (D)
  2 ogre magi (D)
  A centaur warrior (D)
  A deep elf knight (D)
  An unseen horror (D)
  A hill giant (D)
  An ironbrand convoker (D)
  8 orc knights (D)
  A wolf spider (D)
  A cyclops (D)
  A vault sentinel (D)
  2 spiny frogs (D)
  A kobold demonologist (D)
  An efreet (D)
  A komodo dragon (D)
  A jumping spider (D)
  A blink frog (D)
  2 hippogriffs (D)
  A hornet (D)
  2 redbacks (D)
  A tarantella (D)
  A basilisk (shapeshifter) (D)
  A wyvern (D)
  A basilisk (D)
  2 yaks (D)
  4 fire elementals (D)
  A hungry ghost (D)
  2 wargs (D)
  2 water moccasins (D)
  6 hell hounds (D)
  2 porcupines (D)
  18 orc warriors (D)
  An ice beast (D)
  2 centaurs (D)
  A boggart (D)
  2 wolves (D)
  2 crocodiles (D)
  3 bullfrogs (D)
  A killer bee (D)
  A crimson imp (D)
  4 orc priests (D)
  3 orc wizards (D)
  A worker ant (D)
  2 iguanas (D)
  An adder (D)
  A shadow imp (D)
  A leopard gecko (D)
  6 orcs (D)
  A ball python (D)
  2 bats (D)
  A giant cockroach (D)
  A ball python skeleton (D)
  A frilled lizard (D)
  A rat (D)
129 creatures vanquished.

Vanquished Creatures (others)
  An orb spider (shapeshifter) (D)
  A merfolk (D)
  A jumping spider (shapeshifter) (D)
3 creatures vanquished.

Grand Total: 132 creatures vanquished

Notes
Turn   | Place    | Note
-------+----------+-------------------------------------------
     0 | D        | equalderp2856 the Felid Fighter began the quest for the Orb.
     0 | D        | Reached XP level 1. HP: 10/10 MP: 2/2
    39 | D        | Noticed a centaur
    43 | D        | Reached skill level 5 in Unarmed Combat
    43 | D        | Reached XP level 2. HP: 14/14 MP: 3/3
    47 | D        | Reached skill level 5 in Dodging
    54 | D        | Killed a centaur
    54 | D        | Reached skill level 5 in Fighting
    54 | D        | Reached skill level 7 in Unarmed Combat
    54 | D        | Reached XP level 3. HP: 14/19 MP: 4/4
    54 | D        | Reached XP level 4. HP: 17/23 MP: 5/5
   158 | D        | Found a roughly hewn altar of Beogh.
   158 | D        | Found a snail-covered altar of Cheibriados.
   158 | D        | Found a shadowy altar of Dithmenos.
   158 | D        | Found a white marble altar of Elyvilon.
   158 | D        | Found a blossoming altar of Fedhas.
   158 | D        | Found an opulent altar of Gozag.
   208 | D        | Found a hazy altar of Hepliaklqana.
   209 | D        | Found a viscous altar of Jiyva.
   210 | D        | Found an ancient bone altar of Kikubaaqudgha.
   211 | D        | Found a corrupted altar of Lugonu.
   212 | D        | Found a burning altar of Makhleb.
   213 | D        | Found a sparkling altar of Nemelex Xobeh.
   214 | D        | Found an iron altar of Okawaru.
   215 | D        | Found a stormy altar of Qazlal.
   216 | D        | Found a sacrificial altar of Ru.
   217 | D        | Found a deep blue altar of Sif Muna.
   218 | D        | Found a bloodstained altar of Trog.
   219 | D        | Became a worshipper of Lugonu the Unformed
   219 | D        | Reached * piety under Lugonu
   220 | D        | Found a hide-covered altar of Uskayaw.
   221 | D        | Found a radiant altar of Vehumet.
   222 | D        | Found a shimmering altar of Xom.
   223 | D        | Found a basalt altar of Yredelemnul.
   224 | D        | Found a glowing silver altar of Zin.
   225 | D        | Found a glowing golden altar of the Shining One.
   252 | D        | Noticed a hornet
   252 | D        | Noticed a centaur
   252 | D        | Noticed a bullfrog
   252 | D        | Noticed a bullfrog
   259 | D        | Killed a bullfrog
   259 | D        | Reached skill level 1 in Stealth
   259 | D        | Reached skill level 9 in Unarmed Combat
   259 | D        | Reached XP level 5. HP: 18/27 MP: 6/6
   266 | D        | Reached ** piety under Lugonu
   270 | D        | Reached skill level 10 in Unarmed Combat
   270 | D        | Gained mutation: You are covered in thick fur. (AC +2) [Felid growth]
   270 | D        | Reached XP level 6. HP: 12/31 MP: 7/7
   287 | D        | Killed a hornet
   287 | D        | Reached skill level 10 in Dodging
   287 | D        | Reached skill level 11 in Unarmed Combat
   287 | D        | Reached XP level 7. HP: 33/36 MP: 8/8
   315 | D        | Noticed an efreet
   315 | D        | Noticed a yak
   315 | D        | Noticed a hungry ghost
   321 | D        | Killed a hungry ghost
   321 | D        | Reached *** piety under Lugonu
   321 | D        | Reached skill level 12 in Unarmed Combat
   331 | D        | Killed a yak
   331 | D        | Reached **** piety under Lugonu
   339 | D        | Killed an efreet
   339 | D        | Reached skill level 5 in Stealth
   339 | D        | Reached skill level 13 in Unarmed Combat
   339 | D        | Reached XP level 8. HP: 32/40 MP: 9/9
   502 | D        | Noticed a spiny frog
   502 | D        | Noticed a blink frog
   503 | D        | Noticed a komodo dragon
   517 | D        | Killed a blink frog
   517 | D        | HP: 1/40 [porcupine (15)]
   773 | D        | Reached skill level 14 in Unarmed Combat
   781 | D        | Killed a spiny frog
   936 | D        | Reached ***** piety under Lugonu
   953 | D        | Reached skill level 15 in Unarmed Combat
   953 | D        | Reached XP level 9. HP: 37/44 MP: 10/10
  1009 | D        | Killed a komodo dragon
  1092 | D        | Noticed a four-headed hydra
  1092 | D        | Noticed a six-headed hydra
  1092 | D        | Noticed a four-headed hydra
  1093 | D        | Noticed a spiny frog
  1096 | D        | Reached skill level 16 in Unarmed Combat
  1131 | D        | Killed a four-headed hydra
  1131 | D        | Reached skill level 1 in Evocations
  1135 | D        | Killed a six-headed hydra
  1135 | D        | Reached skill level 17 in Unarmed Combat
  1135 | D        | Reached XP level 10. HP: 27/49 MP: 10/12
  1259 | D        | Reached ****** piety under Lugonu
  1477 | D        | Killed a four-headed hydra
  1477 | D        | Reached skill level 15 in Dodging
  1477 | D        | Reached skill level 18 in Unarmed Combat
  2026 | D        | Killed a spiny frog
  2762 | D        | Noticed an orc knight
  2766 | D        | Reached skill level 19 in Unarmed Combat
  3060 | D        | Killed an orc knight
  3115 | D        | Noticed an orc knight
  3115 | D        | Noticed an orc knight
  3115 | D        | Noticed an orc knight
  3168 | D        | Killed an orc knight
  3174 | D        | Reached XP level 11. HP: 26/52 MP: 14/14
  3367 | D        | Killed an orc knight
  3367 | D        | Reached skill level 1 in Invocations
  3520 | D        | Killed an orc knight
  3761 | D        | Found Hurgh's Weapon Boutique.
  3761 | D        | Noticed an orc knight
  3762 | D        | Noticed an orc knight
  3766 | D        | Killed an orc knight
  3766 | D        | Reached skill level 20 in Unarmed Combat
  3943 | D        | Killed an orc knight
  4000 | D        | Found Acraha's Book Shop.
  4002 | D        | Found Yhiogobe's General Store.
  4009 | D        | Found Nofah's Jewellery Shop.
  4057 | D        | Noticed an orc knight
  4059 | D        | Noticed an orc knight
  4070 | D        | Killed an orc knight
  4070 | D        | Reached skill level 10 in Stealth
  4075 | D        | Killed an orc knight
  4128 | D        | Bought a scroll of magic mapping for 45 gold pieces
  4131 | D        | Bought a book of Maledictions for 300 gold pieces
  4131 | D        | Bought a book of Minor Magic for 240 gold pieces
  4139 | D        | Bought a book of Cantrips for 240 gold pieces
  4145 | D        | Bought an uncursed amulet of guardian spirit for 420 gold pieces
  4311 | D        | Noticed Harold
  4334 | D        | Killed Harold
  4334 | D        | Reached skill level 5 in Invocations
  4475 | D        | Noticed an unseen horror
  4476 | D        | Reached skill level 21 in Unarmed Combat
  4593 | D        | Learned a level 1 spell: Animate Skeleton
  4596 | D        | Learned a level 2 spell: Blink
  4598 | D        | Learned a level 1 spell: Confusing Touch
  4601 | D        | Learned a level 2 spell: Repel Missiles
  4604 | D        | Learned a level 2 spell: Ensorcelled Hibernation
  4606 | D        | Learned a level 1 spell: Corona
  4728 | D        | Killed an unseen horror
  4739 | D        | Noticed a rakshasa
  4750 | D        | Killed a rakshasa
  4750 | D        | Reached skill level 1 in Charms
  4761 | D        | Noticed a rakshasa
  4817 | D        | Killed a rakshasa
  4928 | D        | Noticed a stone giant
  4929 | D        | Noticed a green very ugly thing
  4930 | D        | Noticed a great orb of eyes
  4931 | D        | Noticed a rakshasa
  4941 | D        | Killed a stone giant
  4941 | D        | Gained mutation: Your thick and shaggy fur keeps you warm. (AC +3, rC+) [Felid growth]
  4941 | D        | Reached XP level 12. HP: 48/57 MP: 15/18
  4948 | D        | Killed a green very ugly thing
  4948 | D        | Reached skill level 22 in Unarmed Combat
  5195 | D        | Killed a great orb of eyes
  5360 | D        | Killed a rakshasa
  5533 | D        | Blown up by an orb spider
  5534 | D        | Reached XP level 11. HP: -15/53 MP: 0/18
  5570 | D        | Noticed Azrael
  5584 | D        | Banished Azrael
  5706 | D        | Noticed a vault warden
  5706 | D        | Noticed an ogre mage
  5706 | D        | Noticed an ogre mage
  5706 | D        | Noticed an orb spider
  5706 | D        | Noticed an ironbrand convoker
  5707 | D        | Noticed an ironheart preserver
  5708 | D        | Killed a vault warden
  5708 | D        | Reached skill level 23 in Unarmed Combat
  5709 | D        | Noticed a deep elf knight
  5710 | D        | Killed an ogre mage
  5711 | D        | Noticed a necromancer
  5712 | D        | Killed an ogre mage
  5713 | D        | Banished an orb spider
  5714 | D        | Noticed an ironbrand convoker
  5718 | D        | Killed an ironheart preserver
  5718 | D        | Reached skill level 10 in Invocations
  5718 | D        | Reached XP level 12. HP: 58/58 MP: 15/20
  5727 | D        | Noticed a Killer Klown
  5727 | D        | Noticed a fire giant
  5729 | D        | Noticed a lich
  5740 | D        | Killed a Killer Klown
  5748 | D        | Killed a fire giant
  5749 | D        | Noticed a centaur warrior
  5753 | D        | Killed a lich
  5762 | D        | Killed a centaur warrior
  6076 | D        | Noticed a mummy priest
  6076 | D        | Noticed a stone giant
  6076 | D        | Noticed a vault guard
  6076 | D        | Noticed a naga warrior
  6085 | D        | Reached skill level 24 in Unarmed Combat
  6089 | D        | HP: 1/58 [spatial distortion (2)]
  6090 | D        | Killed a naga warrior
  6090 | D        | Mangled by a vault guard
  6091 | D        | Reached XP level 11. HP: -9/54 MP: 0/22
  6152 | D        | Noticed Agnes
  6167 | D        | Killed Agnes
  6167 | D        | Reached skill level 15 in Invocations
  6167 | D        | Reached XP level 12. HP: 22/58 MP: 8/24
  6357 | D        | Noticed a merfolk aquamancer
  6357 | D        | Noticed a merfolk impaler
  6357 | D        | Noticed a merfolk aquamancer
  6357 | D        | Noticed a merfolk javelineer
  6366 | D        | Noticed a merfolk impaler
  6366 | D        | Noticed Ilsuiw
  6366 | D        | Killed a merfolk aquamancer
  6369 | D        | Banished a merfolk javelineer
  6441 | D        | Killed a merfolk impaler
  6453 | D        | HP: 2/58 [poisoned by a merfolk impaler]
  6456 | D        | Succumbed to a merfolk impaler's poison

Skill      XL: |  1  2  3  4  5  6  7  8  9 10 11 12 |
---------------+-------------------------------------+-----
Unarmed Combat | 5 7 9 10 11 13 15 17 19 23 24 | 24.3
Dodging        | 7 8 9 10 11 13 14 16 18 | 18.9
Fighting       | 5 6 7 8 9 |  9.9
Stealth        | 1 3 5 6 7 8 12 13 | 13.6
Evocations     | 2 3 |  3.8
Invocations    | 15 14 | 15.6
Charms         | 1 2 |  2.5

Action                   |  1- 3 |  4- 6 |  7- 9 | 10-12 || total
-------------------------+-------+-------+-------+-------++-------
Melee: Unarmed           |    23 |    45 |    76 |   426 ||   570
       Bite              |     2 |     4 |    16 |    60 ||    82
       Punch             |     2 |       |     7 |    55 ||    64
 Cast: Repel Missiles    |       |       |       |     1 ||     1
Invok: Banish            |       |       |       |    11 ||    11
       Bend Space        |       |       |       |     2 ||     2
Evoke: Wand              |       |       |     6 |     1 ||     7
  Use: Potion            |     2 |     1 |     4 |     6 ||    13
       Scroll            |       |       |       |     1 ||     1
 Stab: Distracted        |       |     1 |       |     3 ||     4
       Sleeping          |       |       |       |     6 ||     6
  Eat: Meat ration       |       |       |       |     2 ||     2
Armor: Skin              |       |       |       |     4 ||     4
Dodge: Dodged            |    18 |    40 |    68 |   242 ||   368
       Deflected         |       |       |       |     2 ||     2
